 Dungeon Crawl Stone Soup version 0.28-a0-773-g130ae17fe5 (webtiles) character file.

Game seed: 9047496506211248760

189 Conn the Firebug (level 5, -1/32 HPs)
             Began as an Octopode Fire Elementalist on Nov 2, 2021.
             Slain by an orc (6 damage)
             ... on level 3 of the Dungeon.
             The game lasted 00:05:13 (3660 turns).

Conn the Firebug (Octopode Fire Elementalist)       Turns: 3660, Time: 00:05:16

Health: -1/32      AC:  1    Str:  8    XL:     5   Next: 68%
Magic:  1/9        EV: 13    Int: 18    God:
Gold:   97         SH:  0    Dex: 12    Spells: 9/10 levels left

rFire   . . .      SeeInvis .   a - +0 short sword
rCold   . . .      Faith    .   (no shield)
rNeg    . . .      Spirit   .   (helmet restricted)
rPois   .          Reflect  .   (no amulet)
rElec   .          Harm     .   (no ring)
rCorr   .          Rampage  .   (no ring)
Will    .....                   (no ring)
Stlth   +++.......              (no ring)
HPRegen 0.10/turn               (no ring)
MPRegen 0.11/turn               (no ring)
                                (no ring)
                                (no ring)

@: attractive
A: almost no armour, amphibious, 8 rings, camouflage 1, gelatinous body 1,
(nimble swimmer 1), tentacles
a: no special abilities


You were on level 3 of the Dungeon.
You visited 1 branch of the dungeon, and saw 3 of its levels.

You collected 97 gold pieces.

Inventory:

Hand Weapons
 a - a +0 short sword (weapon)
Scrolls
 c - a scroll of noise {unknown}
 d - 2 scrolls of identify {unknown}
 e - a scroll of enchant armour {unknown}
 g - a scroll of silence {unknown}
 h - 2 scrolls of fog {unknown}
 i - 2 scrolls of holy word {unknown}
Potions
 f - a potion of flight {unknown}


   Skills:
 + Level 0.6 Fighting
 + Level 1.3 Short Blades
 + Level 2.4 Dodging
 + Level 3.7 Stealth
 + Level 3.0 Spellcasting
 + Level 2.2 Conjurations
 + Level 4.0 Fire Magic


You had 9 spell levels left.
You knew the following spells:

 Your Spells              Type           Power      Damage    Failure   Level
a - Foxfire               Conj/Fire      56%        2x1d6     4%          1

Your spell library contained the following spells:

 Spells                   Type           Power      Damage    Failure   Level
 Scorch                   Fire           34%        2d6       4%          2
 Magic Dart               Conj           40%        1d5       6%          1
 Conjure Flame            Conj/Fire      14%        6-21      13%         3
 Inner Flame              Hex/Fire       10%        N/A       22%         3
 Call Imp                 Summ           2%         N/A       24%         2
 Mephitic Cloud           Conj/Pois/Air  5%         N/A       34%         3
 Flame Wave               Conj/Fire      14%        3d5       41%         4


Dungeon Overview and Level Annotations

Branches:
Dungeon (3/15)

Altars:


Innate Abilities, Weirdness & Mutations

You cannot wear most types of armour.
You are amphibious.
You can wear up to eight rings at the same time.
Your skin changes colour to match your surroundings (Stealth+).
Your rubbery body absorbs attacks. (AC +1, EV +1)
((You are camouflaged near water. (Stealth+)))
You have tentacles for arms and can constrict up to eight enemies at once.


Message History

Confirm with . or Enter, or press ? or * to list all spells.
You conjure some foxfire!
The foxfire hits the orc priest but does no damage.
The orc priest is lightly wounded.
The foxfire hits the orc priest.
The orc priest is heavily wounded.
The orc priest hits you with a +0 whip. Something hits you.
The foxfire hits the orc.
The orc is heavily wounded.
Casting: Foxfire (safe; 4% risk of failure)
Confirm with . or Enter, or press ? or * to list all spells.
You conjure some foxfire!
The foxfire hits the orc priest but does no damage.
The orc priest is heavily wounded.
The orc priest barely misses you. Something hits you.
Unknown command.
Casting: Foxfire (safe; 4% risk of failure)
Confirm with . or Enter, or press ? or * to list all spells.
You conjure some foxfire!
The foxfire hits the orc priest but does no damage.
The orc priest is heavily wounded.
The foxfire hits the orc priest but does no damage.
The orc priest is heavily wounded.
The orc priest barely misses you. Something hits you.
The orc hits you with a +0 mace.
You barely miss the orc priest. Your grab misses the orc priest.
The orc priest is heavily wounded.
The foxfire hits the orc priest but does no damage.
The orc priest is heavily wounded.
The foxfire hits the orc priest.
The orc priest is heavily wounded.
The orc priest closely misses you. The orc hits you with a +0 mace.
It was a potion of attraction.
You feel attractive to monsters.
You hear some strange, mumbled words.
A puff of flame appears from out of thin air!
The puff of flame hits you!
* * * LOW HITPOINT WARNING * * *
The orc hits you with a +0 mace.
You die...

##≈≈≈≈≈.#.#...###.##
#≈≈≈≈≈≈.#......##...
#≈≈≈≈≈≈≈÷##.....##..)
≈≈≈≈≈≈≈≈###.#...##... .
######...# #.....##.#.
..#........# #....##.#.
...........####.........
......o{...........##...
....o..@.........#.##...
...###oo§........#..)...
.......#.......###...
.........#.....#.# #...
................#.# #...
..............###.......
..............# #.......
....##......## #.....).
... ##'##.##


You could see an orc priest and 3 orcs.

Vanquished Creatures
  A bullfrog skeleton (D:3)
  Robin (D:2)
  3 adders
  4 gnolls (D:2)
  A worm (D:2)
  A dart slug (D:1)
  3 orcs (D:3)
  3 bats (D:1)
  10 endoplasms
  2 giant cockroaches
  14 goblins
  4 hobgoblins
  3 jackals (D:2)
  5 kobolds
  3 quokkas
  5 ball pythons
  3 frilled lizards
  6 rats
72 creatures vanquished.

Vanquished Creatures (others)
  201 foxfires
201 creatures vanquished.

Grand Total: 273 creatures vanquished

Notes
Turn   | Place    | Note
-------+----------+-------------------------------------------
     0 | D:1      | Conn the Octopode Fire Elementalist began the quest for the
                  | Orb.
     0 | D:1      | Reached XP level 1. HP: 11/11 MP: 3/3
   411 | D:1      | Reached XP level 2. HP: 15/17 MP: 0/5
  1307 | D:1      | Found a faded altar of an unknown god.
  1389 | D:2      | Reached XP level 3. HP: 21/21 MP: 6/6
  1871 | D:2      | Noticed Robin
  1890 | D:2      | Killed Robin
  1891 | D:2      | Reached XP level 4. HP: 18/27 MP: 0/7
  2376 | D:2      | Reached skill level 1 in Short Blades
  2837 | D:2      | Reached XP level 5. HP: 23/32 MP: 9/9
  3654 | D:3      | Reached skill level 4 in Fire Magic
  3660 | D:3      | Slain by an orc

Illustrated notes

Levels and vault maps discovered:
D:1:      dpeg_arrival_pond, layout_basic, hellmonk_ecumenical_altar_zigzags,
          minmay_tetromino_t4
D:2:      layout_loops_corners, serial_glass, glass_columns_b, glass_columns_a,
          uniq_robin
D:3:      layout_basic, serial_shops, nicolae_shop_stone,
          minmay_stone_trees_large, chequers_serial_rivers_large_a

Skill      XL: |  1  2  3  4  5 |
---------------+----------------+-----
Stealth        | 3 |  3.7
Short Blades   | 1 |  1.3
Conjurations   | 2 |  2.2
Spellcasting   | 3 |  3.0
Fire Magic     | 4 |  4.0
Fighting       | |  0.6
Dodging        | |  2.4

Action                   |  1- 3 |  4- 6 || total
-------------------------+-------+-------++-------
Melee: Unarmed           |     3 |       ||     3
       Short sword       |    22 |    27 ||    49
       Constrict         |     4 |     3 ||     7
       Tentacles         |       |     2 ||     2
 Cast: Foxfire           |    52 |    66 ||   118
  Use: Potion            |     1 |     2 ||     3
       Scroll            |       |     1 ||     1
 Stab: Sleeping          |     5 |     3 ||     8
Armor: Skin              |     2 |     1 ||     3
Dodge: Dodged            |    43 |    29 ||    72

Table legend: (Time is in decaauts)
 A = Elapsed time spent in this place.
 B = Non-inter-level travel time spent in this place.
 C = Inter-level travel time spent in this place.
 D = Time resting spent in this place.
 E = Time spent auto-exploring this place.
 F = Levels seen in this place.
 G = Mean time per level.
                   A        B        C        D        E       F      G
               +--------+--------+--------+--------+--------+-----+--------+
         Total |   3662 |   3610 |     52 |      0 |   2939 |   3 | 1220.7 |
       Dungeon |   3662 |   3610 |     52 |      0 |   2939 |   3 | 1220.7 |
               +--------+--------+--------+--------+--------+-----+--------+

Top non-repeatable levels by time:
     D:2: 1921 daAuts
     D:1: 1384 daAuts
     D:3: 356 daAuts
